Unix NetHack Version 3.7.0-88 Work-in-progress - last build Aug 6 2023 13:40:22 (5c9c4c7fffe0d5f0a8b1342c2a36a56ed743986a,branch:master). Game began 2023-08-19 07:16:59, ended 2023-08-19 07:31:07. puncake, chaotic male elven Wizard ------ -------- |<...| |.@.%f.| |....|###### |.%f.%%| |....-# -|------ |%..%%.| ----|-## |......| |%.%%.%| # ###-......| ---.--|-0## # # |......| ###################### ## -------- # # -.--|-- ## |.....|# # |>.....##### # ..|...| # -.-.-- ------- ### |....| # |....| ##..{..| |....| ------ Puncake the Conjurer St:16 Dx:12 Co:13 In:20 Wi:13 Ch:11 Chaotic S:1780 Dlvl:7 $:446 HP:0(30) Pw:53(63) AC:9 Xp:5/256 T:2335 Latest messages: You find a hidden door. The orc shaman casts a spell! The door opens. The orc shaman casts a spell at you! You get a slight headache. You miss the orc shaman. The orc shaman points at you, then curses. You hit the orc shaman! The orc shaman points all around, then curses. You miss the orc shaman. The orc shaman points at you, then curses. You hit the orc shaman. The orc shaman points at you, then curses. You miss the orc shaman. The orc shaman points at you, then curses. You kill the orc shaman! Sting stops flickering. $ - 17 gold pieces (424 in total). Q - a tin. $ - 22 gold pieces (446 in total). The dingo bites! You hit the dingo. The dingo bites! The dingo bites! You hit the dingo. The dingo bites! The dingo bites! In what direction? The spell hits the dingo! You kill the dingo! The door resists! The door opens. You see here a barbarian corpse. You see here a cave dweller corpse. The newt bites! In what direction? The spell hits the newt! You kill the newt! Bingus bites the jaguar. Bingus misses the jaguar. The jaguar hits! The jaguar hits again! The jaguar bites! In what direction? The spell hits the jaguar! The jaguar hits! The jaguar hits again! The jaguar bites! You die... Do you want to see the dungeon overview? y Inventory: Coins $ - 446 gold pieces Weapons q - 17 uncursed +0 darts K - an uncursed +1 dagger x - an uncursed +0 dagger (alternate weapon; not wielded) H - the uncursed +0 Sting (weapon in hand) a - a blessed +1 quarterstaff Armor b - an uncursed +0 cloak of magic resistance (being worn) Comestibles N - 2 uncursed food rations I - an uncursed melon Q - an uncursed tin of dried giant bat meat Scrolls z - a cursed scroll of amnesia s - an uncursed scroll of enchant weapon u - an uncursed scroll of fire P - an uncursed scroll of identify M - an uncursed scroll of magic mapping i - 2 uncursed scrolls of teleportation Spellbooks k - a blessed spellbook of force bolt l - an uncursed spellbook of jumping Potions h - a blessed potion of invisibility g - an uncursed potion of oil f - an uncursed potion of sleeping Rings o - an uncursed ring of polymorph control d - an uncursed ring of protection from shape changers w - an uncursed ring of shock resistance e - an uncursed ring of stealth C - a cursed ring of teleportation Wands D - an uncursed wand of create monster (0:12) c - an uncursed wand of digging (0:7) G - an uncursed wand of nothing (0:5) Tools n - an uncursed wooden harp m - an uncursed magic marker (0:56) Gems/Stones E - an uncursed worthless piece of yellow glass J - 2 uncursed touchstones Puncake the Wizard's attributes: Background: You were a Conjurer, a level 5 male elven Wizard. You were chaotic, on a mission for Anhur who was opposed by Ptah (lawful) and Thoth (neutral). You were in the Dungeons of Doom, on level 7. You entered the dungeon 2335 turns ago. You had 256 experience points, 64 more were needed to attain level 6. Your score was 1780 before end-of-game adjustments. Basics: You had 0 out of 30 hit points. You had 53 out of 63 energy points (spell power). Your armor class was 9. Your wallet contained 446 zorkmids. Autopickup was on for '%$?!/="+' plus thrown, with exceptions. Final Characteristics: Your strength was 16 (limit:18). Your dexterity was 12 (limit:18). Your constitution was 13 (limit:16). Your intelligence was 20 (limit:20). Your wisdom was 13 (limit:20). Your charisma was 11 (limit:18). Final Status: You were not hungry. You were unencumbered. You were wielding a dagger. You were unskilled in dagger. Final Attributes: You were piously aligned. You were magic-protected. You were sleep resistant. You were aware of the presence of orcs. You had infravision. You were warded. You are dead. Miscellaneous: You never encountered a bones level. Total elapsed playing time was 14 minutes and 8 seconds. Major events: Turn 1: puncake the chaotic male elven Wizard entered the dungeon 619: attained the rank of Conjurer (level 3) 2152: chose an elven dagger to be named "Sting" 2335: killed by a jaguar Vanquished creatures: a dwarf ruler a dingo a bugbear a water nymph an orc shaman a giant bat an orc zombie 2 dwarf zombies 2 iguanas an acid blob a gas spore 2 hobbits 3 hobgoblins 2 giant rats a brown mold 2 yellow molds 3 gnomes 4 geckos a jackal 2 kobolds a goblin a sewer rat a grid bug 3 lichens 2 newts 41 creatures vanquished. No species were genocided or became extinct. Voluntary challenges: You read items or engraved 6 times. You engraved Elbereth 1 time. You never genocided any monsters. You never polymorphed an object. You never changed form. You used no wishes. Achievements: You entered a shop. You attained the rank of Conjurer. The Dungeons of Doom: levels 1 to 7 Level 1: Level 2: A scroll shop, an altar, some fountains. Level 3: Some fountains. Level 4: A general store, a fountain. Level 5: A fountain. Level 6: Level 7: <- You were here. A fountain, a grave. Final resting place for you, killed by a jaguar. Game over: ---------- / \ / REST \ / IN \ / PEACE \ / \ | puncake | | 446 Au | | killed by a | | jaguar | | | | | | 2023 | *| * * * | * _________)/\\_//(\/(/\)/\//\/|_)_______ Goodbye puncake the Wizard... You died in The Dungeons of Doom on dungeon level 7 with 1736 points, and 446 pieces of gold, after 2335 moves. You were level 5 with a maximum of 30 hit points when you died.